 Dungeon Crawl Stone Soup version 0.16.0 (webtiles) character file.

576 Sonntagskind the Insei (level 6, -6/48 HPs)
             Began as a Demigod Gladiator on Mar 13, 2015.
             Mangled by Prince Ribbit (7 damage)
             ... on level 4 of the Dungeon on Mar 14, 2015.
             The game lasted 00:16:09 (4138 turns).

Sonntagskind the Insei (Demigod Gladiator)          Turns: 4138, Time: 00:16:09

Health: -6/48      AC:  7    Str: 18    XL:     6   Next: 88%
Magic:  10/10      EV: 12    Int: 12    God:
Gold:   142        SH:  0    Dex: 20    Spells: 0 memorised, 5 levels left

rFire  + . .     SeeInvis .       - Unarmed
rCold  . . .     Clarity  .     g - +0 ring mail
rNeg   . . .     SustAb   +     (no shield)
rPois  .         Gourm    .     c - +0 helmet
rElec  .         Spirit   .     p - +2 cloak
rCorr  .         Warding  .     (no gloves)
rMut   .         Stasis   .     (no boots)
MR     .....                    (no amulet)
Stlth  +.........               l - ring of flight
                                t - ring of protection from fire

@: not resistant to hostile enchantments, very unstealthy
A: icy blue scales 1, deformed body, regeneration 1, sustain abilities
a: Evoke Flight


You were on level 4 of the Dungeon.
You were not hungry.

You visited 1 branch of the dungeon, and saw 4 of its levels.

You collected 142 gold pieces.

Inventory:

Missiles
 d - 3 throwing nets (quivered)
 o - 7 poisoned needles
Armour
 c - a +0 helmet (worn)
 g - a +0 ring mail (worn)
 p - a +2 cloak (worn)
Jewellery
 l - a ring of flight (right hand)
 t - a ring of protection from fire (left hand)
Magical devices
 h - a wand of frost (16)
Scrolls
 e - 5 scrolls of random uselessness {unknown}
 n - a scroll of enchant armour
 u - a scroll of blinking {unknown}
Potions
 m - a potion of cure mutation {unknown}
 s - 2 potions of restore abilities
Comestibles
 a - 4 bread rations
 f - 3 fruits
 k - 3 meat rations


   Skills:
 - Level 1.7 Fighting
 - Level 1.7 Throwing
 - Level 2.6 Dodging
 + Level 7.5 Unarmed Combat


You had 5 spell levels left.
You didn't know any spells.

Dungeon Overview and Level Annotations

Branches:
Dungeon (4/15)
 Temple: D:4-7

Shops:
D:4 (

Annotations:
D:4 Prince Ribbit


Innate Abilities, Weirdness & Mutations

Your attributes are resistant to harm.
You are partially covered in icy blue scales (AC +1).
Armour fits poorly on your strangely shaped body.
Your natural rate of healing is unusually fast.


Message History

You kill the big kobold!
Items here: )) †† a club x2 a big kobold corpse; a kobold corpse You start resting.
Drink which item? (? for menu, Esc to quit)
It was a potion of mutation.
You feel extremely strange.
You begin to heal more quickly.
Your body twists and deforms.
Icy blue scales grow over part of your body.
Prince Ribbit momentarily phases out as your attack passes through him.
Prince Ribbit is heavily wounded.
Prince Ribbit barely misses you. Prince Ribbit hits you!
You completely miss Prince Ribbit.
Prince Ribbit is heavily wounded.
Prince Ribbit hits you!
* * * LOW HITPOINT WARNING * * *
You completely miss Prince Ribbit.
Prince Ribbit is heavily wounded.
Prince Ribbit hits you!
You die...

≈≈≈≈≈≈≈≈≈≈≈≈≈≈≈≈....≈≈≈≈≈≈≈≈≈≈≈≈≈
≈≈≈≈≈≈≈≈≈≈≈≈≈≈≈≈....≈≈≈≈≈≈≈≈≈≈≈≈≈
≈≈...≈≈≈≈.≈.≈≈≈≈....≈≈.≈.≈.≈≈.≈≈≈
.........(................)......
.................................
####(###......#..#####.###....>.#
..(((# ##.....##)# #.###.(....#
..#### #.....##F### #...........
..# ##.....##@..# ####....∩...
..######......##.#.#####.........
...##_##.#..####.#..##...........
.(##...###.#...........###.÷.....
..#8.#.8#.........#..### #.......
.(##...###.#.####.#....###..)....
..###.##...#.# #........###.###.
..#(#'##..#..######......# #.##..
..'((.(#.....#..........####.#..#


You could see Prince Ribbit.

Vanquished Creatures
  A big kobold (D:4)
  Sigmund (D:3)
  2 orc priests
  2 hounds
  Crazy Yiuf (D:4)
  An orc wizard (D:3)
  An iguana (D:4)
  A worker ant (D:4)
  Ijyb (D:3)
  Terence (D:3)
  6 adders (D:2)
  A giant mite (D:1)
  2 worms
  3 giant geckos
  An ooze (D:2)
  7 orcs
  9 hobgoblins
  8 jackals
  16 kobolds
  3 ball pythons
  9 bats
  6 giant cockroaches
  8 giant newts
  11 goblins
  A quokka (D:2)
  9 rats
112 creatures vanquished.

Notes
Turn   | Place    | Note
--------------------------------------------------------------
     0 | D:1      | Sonntagskind, the Demigod Gladiator, began the quest for the Orb.
     0 | D:1      | Reached XP level 1. HP: 17/17 MP: 2/2
    63 | D:1      | Reached skill level 3 in Unarmed Combat
   105 | D:1      | Reached XP level 2. HP: 19/24 MP: 3/3
   572 | D:1      | Reached XP level 3. HP: 26/29 MP: 5/5
   662 | D:1      | Reached skill level 4 in Unarmed Combat
   935 | D:2      | Found a burning altar of Makhleb.
   945 | D:2      | Reached XP level 4. HP: 19/36 MP: 7/7
  1266 | D:2      | Reached skill level 5 in Unarmed Combat
  1980 | D:3      | Noticed Sigmund
  2005 | D:3      | Killed Sigmund
  2005 | D:3      | Reached XP level 5. HP: 23/41 MP: 8/8
  2125 | D:3      | Found a bloodstained altar of Trog.
  2125 | D:3      | Noticed Terence
  2130 | D:3      | Killed Terence
  2130 | D:3      | Reached skill level 6 in Unarmed Combat
  2166 | D:3      | Noticed Ijyb
  2187 | D:3      | Killed Ijyb
  2674 | D:3      | Reached XP level 6. HP: 40/48 MP: 10/10
  3095 | D:4      | Noticed Prince Ribbit
  3608 | D:4      | Noticed Crazy Yiuf
  3614 | D:4      | Killed Crazy Yiuf
  3743 | D:4      | Reached skill level 7 in Unarmed Combat
  3774 | D:4      | Found Goinn's Antique Weapon Shop.
  3938 | D:4      | Found a snail-covered altar of Cheibriados.
  3948 | D:4      | Found a sparkling altar of Nemelex Xobeh.
  4134 | D:4      | Gained mutation: Your natural rate of healing is unusually fast. [potion of mutation]
  4134 | D:4      | Gained mutation: Armour fits poorly on your strangely shaped body. [potion of mutation]
  4134 | D:4      | Gained mutation: You are partially covered in icy blue scales (AC +1). [potion of mutation]
  4137 | D:4      | HP: 1/48 [Prince Ribbit (15)]
  4138 | D:4      | Mangled by Prince Ribbit

Action                   |  1- 3 |  4- 6 || total
-------------------------+-------+-------++-------
Melee: Unarmed           |   104 |   285 ||   389
  Use: Potion            |       |     8 ||     8
       Scroll            |       |     4 ||     4
  Eat: Chunk             |       |     7 ||     7
       Royal jelly       |       |     1 ||     1
       Fruit             |       |     1 ||     1
       Beef jerky        |       |     1 ||     1
